 Dungeon Crawl Stone Soup version 0.28-a0-535-g6f645e4c1d (webtiles) character file.

Game seed: 7215856266803218178

198 Shayle the Skirmisher (level 6, -1/47 HPs)
             Began as a Djinni Warper on Sept 26, 2021.
             Slain by a wight (5 damage)
             ... on level 4 of the Dungeon.
             The game lasted 00:10:29 (4792 turns).

Shayle the Skirmisher (Djinni Warper)               Turns: 4792, Time: 00:10:29

Health: -1/47      AC:  4    Str: 10    XL:     6   Next: 6%
Gold:   115        EV: 11    Int: 17    God:
                   SH:  0    Dex: 12

rFire   + + .      SeeInvis .   m - +2 hand axe (vorpal)
rCold   x . .      Faith    .   (no shield)
rNeg    . . .      Spirit   .   a - +1 leather armour
rPois   ∞          Reflect  .   (no helmet)
rElec   .          Harm     .   (no cloak)
rCorr   .          Rampage  .   (no gloves)
Will    .....                   (boots unavailable)
Stlth   +.........              (no amulet)
HPRegen 0.15/turn               (no ring)
MPRegen 0.00/turn               (no ring)

@: flying
A: sickness immunity, fire resistance 2, cold vulnerability 1, float, innate
caster, hp casting, extra vitality 1
a: no special abilities


You were on level 4 of the Dungeon.
You visited 1 branch of the dungeon, and saw 4 of its levels.

You collected 144 gold pieces.
You spent 29 gold pieces at shops.

Inventory:

Hand Weapons
 d - a +0 hand axe
 l - a +4 dagger
 m - a +2 vorpal hand axe (weapon)
 p - a +0 whip of distortion
Missiles
 c - 2 boomerangs of dispersal (quivered)
Armour
 a - a +1 leather armour (worn)
Jewellery
 k - a ring of resist corrosion
Wands
 o - a wand of iceblast (3)
Scrolls
 b - 3 scrolls of blinking
 f - 2 scrolls of identify {unknown}
Potions
 e - a potion of might {unknown}
 g - 2 potions of heal wounds {unknown}
 h - a potion of invisibility
 i - a potion of cancellation {unknown}
 j - a potion of attraction
 n - a potion of lignification {unknown}
 q - a potion of degeneration {unknown}


   Skills:
 + Level 3.7 Fighting
 - Level 0.7 Throwing
 - Level 1.0 Armour
 - Level 2.1 Dodging
 + Level 3.6 Unarmed Combat
 + Level 3.3 Spellcasting


You couldn't memorise any spells.
You knew the following spells:

 Your Spells              Type           Power      Damage    Failure   Level
a - Blink                 Tloc           N/A        N/A       9%          2
b - Lesser Beckoning      Tloc           14%        N/A       17%         3
c - Gell's Gravitas       Tloc           7%         N/A       17%         3
d - Teleport Other        Tloc           14%        N/A       17%         3
e - Manifold Assault      Tloc           14%        N/A       85%         5
f - Apportation           Tloc           28%        N/A       6%          1
g - Ensorcelled Hibernat  Hex/Ice        28%        N/A       9%          2
Your spell library was empty.

Dungeon Overview and Level Annotations

Branches:
Dungeon (4/15)
 Temple: D:4-7

Altars:
Dithmenos

Shops:
D:4 *


Innate Abilities, Weirdness & Mutations

You are immune to sickness and miasma.
You are immune to poison.
Your flesh is very heat resistant. (rF++)
You are vulnerable to cold. (rC-)
You float through the air rather than walking.
You learn spells naturally, not from books.
Your magical power is your life essence.
You have superior vitality. (+4 HP)


Message History

HP restored.
Done exploring.
There is an open door here.
There is an open door here.
There is a stone staircase leading down here.
You fly downwards.
There is a stone staircase leading up here.
The ball python bites you but does no damage.
The ball python barely misses you.
You hit the ball python.
You kill the ball python!
The ball python bites you but does no damage.
The ball python barely misses you.
You closely miss the ball python. The ball python closely misses you. x2
The ball python bites you but does no damage.
The ball python grabs you. The ball python constricts you.
You escape the ball python's grasp.
There is a stone staircase leading up here.
You hit the endoplasm.
The endoplasm is heavily wounded.
The endoplasm hits you. The ball python barely misses you. x2
The endoplasm freezes you.
You are frozen.
The ball python misses you. x2
You fly upwards.
There is a stone staircase leading down here.
You hit the endoplasm.
You kill the endoplasm!
You hit the ball python.
You kill the ball python!
You start resting.
HP restored.
You fly downwards.
The wight hits you with a +0 war axe of electrocution.
You are electrocuted!
The wight misses you.
The wight hits you with a +0 war axe of electrocution!
There is a stone staircase leading up here.
The wight hits you with a +3 scimitar!
* * * LOW HITPOINT WARNING * * *
The wight hits you with a +0 war axe of electrocution.
You die...

.......................##
........................#
................##......#
...............##..#...###### #.#
#............#..###S......# #.#
#..∩.####..#<..###......## ...
###....).#..>...[.##......##
..####...###...z............!...#
...##....# ###..@z...............
...##..### #.............#....#
....#....######.†####...........#
..)....#....###z#####............
.......##...#.z...##.....#.......
.......###.z..#..###.....#.....#.
.......##..#.###.......S......###
..#.#...#z(####..........##..##
P.#####.z...#.................#


You could see 4 wights.

Vanquished Creatures
  A water moccasin skeleton (D:4)
  Jessica (D:3)
  An orc wizard (D:3)
  4 adders (D:3)
  2 dart slugs (D:1)
  5 orcs (D:3)
  6 endoplasms
  A giant cockroach (D:1)
  5 hobgoblins
  4 jackals
  4 kobolds
  2 quokkas
  7 ball pythons
  A bat (D:1)
  4 frilled lizards
  7 goblins
  2 rats (D:1)
57 creatures vanquished.

Vanquished Creatures (others)
  A plant (D:4)
1 creature vanquished.

Grand Total: 58 creatures vanquished

Notes
Turn   | Place    | Note
-------+----------+-------------------------------------------
     0 | D:1      | Shayle the Djinni Warper began the quest for the Orb.
     0 | D:1      | Reached XP level 1. HP: 18/18 MP: 0/0
   632 | D:1      | Reached XP level 2. HP: 22/23 MP: 0/0
  1013 | D:1      | Reached XP level 3. HP: 17/29 MP: 0/0
  1013 | D:1      | Learned a level 1 spell: Apportation
  2603 | D:2      | Found a shadowy altar of Dithmenos.
  3086 | D:3      | Reached XP level 4. HP: 20/34 MP: 0/0
  3138 | D:4      | Found Kifrys's Assorted Antiques.
  3349 | D:3      | Noticed Jessica
  3373 | D:3      | Killed Jessica
  3374 | D:3      | Reached XP level 5. HP: 7/40 MP: 0/0
  3374 | D:3      | Learned a level 2 spell: Ensorcelled Hibernation
  4305 | D:4      | Bought a scroll labelled OXUB JOKEONEING for 29 gold pieces
  4631 | D:3      | Reached XP level 6. HP: 41/47 MP: 0/0
  4792 | D:4      | Slain by a wight

Illustrated notes

Levels and vault maps discovered:
D:1:      dpeg_arrival_pond, layout_loops_ring
D:2:      layout_basic, basic_altar, serial_park_tiny_1
D:3:      layout_basic, due_unseen_surprise, uniq_jessica
D:4:      minmay_bubble_buster, layout_cave_pools, serial_shops, shop,
          serial_bayou_pond_b

Skill      XL: |  1  2  3  4 |
---------------+-------------+-----
Fighting       | 3 |  3.7
Unarmed Combat | 3 |  3.6
Spellcasting   | 3 |  3.3
Throwing       | |  0.7
Armour         | |  1.0
Dodging        | |  2.1

Action                   |  1- 3 |  4- 6 || total
-------------------------+-------+-------++-------
Melee: Hand axe          |   162 |    74 ||   236
       Unarmed           |     6 |       ||     6
Throw: Boomerang         |       |     3 ||     3
 Cast: Blink             |       |     2 ||     2
  Use: Scroll            |     5 |     2 ||     7
       Potion            |       |     3 ||     3
 Stab: Sleeping          |     1 |       ||     1
Armor: Leather armour    |    55 |    28 ||    83
Dodge: Dodged            |   111 |    79 ||   190

Table legend: (Time is in decaauts)
 A = Elapsed time spent in this place.
 B = Non-inter-level travel time spent in this place.
 C = Inter-level travel time spent in this place.
 D = Time resting spent in this place.
 E = Time spent auto-exploring this place.
 F = Levels seen in this place.
 G = Mean time per level.
                   A        B        C        D        E       F      G
               +--------+--------+--------+--------+--------+-----+--------+
         Total |   4865 |   4712 |    153 |   1253 |   2548 |   4 | 1216.2 |
       Dungeon |   4865 |   4712 |    153 |   1253 |   2548 |   4 | 1216.2 |
               +--------+--------+--------+--------+--------+-----+--------+

Top non-repeatable levels by time:
     D:1: 1798 daAuts
     D:3: 1483 daAuts
     D:2: 1200 daAuts
     D:4: 382 daAuts
